cohdb
Replays
Latest Replays
All Replays
Popular Replays
Top Player Replays
Match Explorer
How It Works
Community
CoH3 Stats
Reddit
Sign in to upload your games and track your stats! →
Sign in with Steam
Match 40421560
Unlisted
Match 40421560
Overview
Messages
Build Orders
End
Pioneer Squad
Construct Infanterie Kompanie
Grenadier Squad
MG 42 Machine Gun Team
Selects Terror Battlegroup
Selects Machine Gun Camouflage
Grenadier Squad
Grenadier Squad
Infanterie Officer Quarters
Selects Contempt for the Weak
Construct Luftwaffe Kompanie
Jäger Squad
221 Scout Car
Jäger Squad
Support Elements
Jäger Squad
Wirbelwind Flakpanzer
Jäger Squad
Selects No Quarter
Marder III M Tank Destroyer
MadMax
DeadPhoenix
0
0
Comments
sign in to comment!
No comments posted yet!